Map: [ESL] Tropical Sacrifice

Players

trigger

  • Race: Protoss Protoss
  • Spawn Location: 1:00

PiLiPiLi - Winner!

  • Race: Protoss Protoss
  • Spawn Location: 7:00

Event: DreamHack SC2 Masters 2022 Atlanta (Online)

VOD

Have the link to the VOD?

Description

Time

  • Played on: Oct. 4, 2022, 3:07 p.m.
  • Length: 7:36

All games in this series

Show
View Real Time Build Order
Export as new Build Order

trigger Protoss 

Build Orders: 1 Gate Expand 

Get SALT Encoding   

  12  0:00  Probe  
  13  0:12  Probe  
  14  0:20  Pylon  
  14  0:24  Probe  
  15  0:38  Probe (Chrono Boost)  
  15  0:40  Gateway  
  16  0:48  Probe (Chrono Boost), Assimilator  
  17  0:53  Probe (Chrono Boost)  
  18  1:04  Probe  
  20  1:24  Nexus  
  19  1:26  Probe  
  20  1:35  Cybernetics Core  
  20  1:39  Probe  
  21  1:45  Assimilator  
  21  1:51  Probe  
  21  1:53  Pylon  
  22  2:03  Probe  
  22  2:06  Warp Gate (Chrono Boost)  
  23  2:12  Stalker  
  25  2:17  Gateway  
  25  2:22  Probe  
  26  2:34  Probe  
  26  2:36  Robotics Facility  
  27  2:38  Probe  
  28  2:45  Shield Battery  
  29  2:51  Probe x2  
  30  2:59  Stalker  
  31  3:10  Probe  
  31  3:13  Probe  
  31  3:16  Stalker  
  34  3:28  Immortal (Chrono Boost)  
  37  3:38  Probe x2  
  39  3:45  Stalker  
  41  3:49  Pylon  
  41  3:52  Probe  
  42  4:03  Immortal (Chrono Boost)  
  42  4:09  Stalker  
  48  4:18  Shield Battery  
  48  4:19  Probe x2  
  52  4:31  Warp Prism (Chrono Boost)  
  52  4:32  Sentry  
  52  4:37  Pylon  
  54  4:43  Pylon  
  54  4:55  Probe x2  
  54  4:59  Immortal (Chrono Boost)  
  56  5:07  Adept, Probe  
  62  5:12  Adept  
  62  5:13  Pylon  
  65  5:15  Probe  
  66  5:21  Pylon  
  66  5:23  Probe  
  66  5:27  Probe  
  68  5:35  Observer (Chrono Boost), Probe  
  70  5:40  Pylon  
  70  5:41  Adept x2  
  74  5:49  Probe  
  75  5:51  Probe  
  75  5:55  Pylon  
  76  5:57  Twilight Council  
  76  6:03  Forge  
  72  6:17  Probe  
  61  6:22  Adept x2  
  61  6:24  Assimilator  
  61  6:27  Assimilator  
  61  6:30  Immortal (Chrono Boost)  
  61  6:31  Probe x2  
  63  6:34  Shield Battery  
  63  6:37  Shield Battery  
  67  6:41  Pylon  
  67  6:47  Stalker  
  67  6:49  Probe  
  70  6:59  Zealot  
  74  7:11  Zealot  
  74  7:14  Probe  
  69  7:19  Probe  
  69  7:22  Zealot  
Show
View Real Time Build Order
Export as new Build Order

PiLiPiLi Protoss - Winner!

Build Orders:  

Get SALT Encoding   

  12  0:00  Probe  
  13  0:12  Probe  
  14  0:17  Pylon  
  14  0:24  Probe (Chrono Boost)  
  15  0:37  Probe (Chrono Boost), Gateway  
  16  0:45  Probe (Chrono Boost)  
  16  0:47  Assimilator  
  17  0:51  Probe  
  18  0:57  Assimilator  
  18  1:03  Probe  
  19  1:15  Probe  
  20  1:27  Cybernetics Core, Probe  
  21  1:41  Probe  
  21  1:45  Pylon  
  22  1:56  Nexus  
  22  1:58  Probe  
  22  2:01  Adept (Chrono Boost)  
  23  2:07  Warp Gate  
  25  2:11  Probe  
  26  2:23  Probe  
  26  2:25  Robotics Facility  
  26  2:29  Sentry  
  29  2:34  Pylon  
  29  2:37  Probe  
  30  2:49  Probe  
  31  3:01  Probe  
  32  3:09  Probe  
  31  3:13  Probe  
  31  3:14  Observer (Chrono Boost)  
  31  3:18  Gateway x2  
  33  3:21  Probe  
  33  3:25  Probe  
  35  3:31  Immortal (Chrono Boost)  
  39  3:35  Probe  
  39  3:39  Probe  
  41  3:47  Probe  
  42  3:51  Gateway  
  42  3:53  Gateway  
  42  3:56  Sentry  
  42  4:00  Probe  
  42  4:02  Probe  
  46  4:07  Immortal (Chrono Boost)  
  50  4:15  Probe  
  52  4:23  Gateway x2  
  51  4:30  Pylon  
  51  4:34  Sentry  
  51  4:35  Pylon  
  53  4:41  Pylon  
  53  4:45  Warp Prism (Chrono Boost)  
  53  4:49  Sentry x2  
  53  4:51  Adept, Observer  
  61  4:57  Adept  
  63  5:04  Adept  
  63  5:06  Observer  
  65  5:08  Shield Battery  
  65  5:13  Pylon  
  65  5:16  Immortal (Chrono Boost)  
  69  5:22  Adept x3  
  69  5:25  Adept  
  77  5:29  Pylon  
  77  5:42  Stalker  
  79  5:43  Zealot x3  
  85  5:52  Pylon  
  85  5:56  Adept  
  85  5:57  Adept x2  
  91  6:04  Adept  
  77  6:19  Adept x4  
  81  6:34  Immortal (Chrono Boost)  
  81  6:39  Shield Battery  
  85  6:40  Pylon  
  85  6:42  Pylon  
  85  6:44  Stalker  
  85  6:45  Pylon  
  85  6:52  Zealot x3, Stalker x2  
  74  7:16  Zealot x5  
  74  7:17  Zealot x2  
Tags
 
Add a new tag
Caveats
  • Supply blocks, unpowered buildings, or Contaminate may cause inaccurate times.
  • Supply counts are checked every 10 seconds.